 Dungeon Crawl Stone Soup version 0.28-a0-1143-gcf6077d4cc (webtiles) character file.

Game seed: 11680205872176231366

6752 leviel the Cleaver (level 11, -1/156 HPs)
             Began as a Hill Orc Fighter on Dec 13, 2021.
             Was a Believer of the Shining One.
             Slain by a 14-headed hydra (5 damage)
             ... on level 8 of the Dungeon.
             The game lasted 00:09:26 (7612 turns).

leviel the Cleaver (Hill Orc Fighter)               Turns: 7612, Time: 00:09:27

Health: -1/156     AC: 12    Str: 25    XL:     11   Next: 4%
Magic:  11/11      EV: 10    Int:  8    God:    the Shining One [**....]
Gold:   284        SH:  6    Dex: 12    Spells: 10/10 levels left

rFire   + . .      SeeInvis +   a - +1 war axe
rCold   + . .      Faith    .   c - +1 buckler
rNeg    + + .      Spirit   .   b - +0 scale mail
rPois   .          Reflect  .   (no helmet)
rElec   .          Harm     .   o - scarf {rC+ rF+}
rCorr   .          Rampage  .   m - +2 pair of gloves {Str+3}
Will    .....                   (no boots)
Stlth   ..........              f - amulet of regeneration
HPRegen 1.16/turn               n - ring of see invisible
MPRegen 0.12/turn               k - ring of positive energy

@: berserking, glowing, unable to read, very quick
A: talons 1, agile 1, weak 1, inability to read while threatened
a: Renounce Religion, Divine Shield


You were on level 8 of the Dungeon.
You worshipped the Shining One.
The Shining One was pleased with you.
You visited 2 branches of the dungeon, and saw 9 of its levels.

You collected 378 gold pieces.
You spent 94 gold pieces at shops.

Inventory:

Hand Weapons
 a - a +1 war axe (weapon)
Armour
 b - a +0 scale mail (worn)
 c - a +1 buckler (worn)
 m - a +2 pair of gloves of strength (worn)
 o - a scarf of resistance (worn)
Jewellery
 f - an amulet of regeneration (around neck)
 k - a ring of positive energy (right hand)
 n - a ring of see invisible (left hand)
 A - a ring of willpower
 B - a ring of flight
Wands
 l - a wand of iceblast (8)
 t - a wand of polymorph (1)
 w - a wand of paralysis (8)
Scrolls
 d - 3 scrolls of teleportation
 e - a scroll of magic mapping
 q - a scroll of silence
 s - 3 scrolls of identify {@r1}
 v - a scroll of immolation {unknown}
 x - a scroll of enchant armour {@r2}
 y - a scroll of holy word {unknown}
Potions
 h - a potion of haste
 i - 10 potions of curing
 j - 2 potions of cancellation
 p - a potion of heal wounds
 r - a potion of flight
 u - 2 potions of brilliance
 z - a potion of resistance {unknown}


   Skills:
 + Level 11.8 Fighting
 + Level 12.6 Axes
 + Level 10.9 Armour
 - Level 4.0 Shields


You had 10 spell levels left.
You didn't know any spells.
Your spell library contained the following spells:

 Spells                   Type           Power      Damage    Failure   Level
 Animate Armour           Summ/Erth      0%         N/A       100%        4
 Blade Hands              Tmut           0%         N/A       100%        5
 Fireball                 Conj/Fire      0%         3d3       100%        5
 Iron Shot                Conj/Erth      0%         9d1       100%        6
 Starburst                Conj/Fire      0%         6d3       100%        6
 Malign Gateway           Summ/Tloc      0%         N/A       100%        7
 Ignition                 Fire           0%         3d3       100%        8
 Summon Horrible Things   Summ           0%         N/A       100%        8


Dungeon Overview and Level Annotations

Branches:
Dungeon (8/15)             Temple (1/1) D:6
   Lair: D:8-11

Altars:
Ashenzari
Cheibriados
Dithmenos
Elyvilon
Fedhas
Gozag
Hepliaklqana
Kikubaaqudgha
Makhleb
Nemelex Xobeh
Okawaru
Qazlal
Ru
Sif Muna
Trog
Uskayaw
Vehumet
Wu Jian
Xom
Yredelemnul
The Shining One

Shops:
D:3 *   D:4 !   D:5 (


Innate Abilities, Weirdness & Mutations

You have sharp toenails.
You are agile. (Dex +2)
You are weak. (Str -2)
You sometimes lose the ability to read scrolls when taking damage.


Message History

The 12-headed hydra bites you.
* * * LOW HITPOINT WARNING * * *
The 12-headed hydra bites you but does no damage.
The 12-headed hydra bites you.
* * * LOW HITPOINT WARNING * * *
The 12-headed hydra bites you.
* * * LOW HITPOINT WARNING * * *
The 12-headed hydra bites you but does no damage.
The 12-headed hydra bites you!
* * * LOW HITPOINT WARNING * * *
The 12-headed hydra bites you but does no damage.
The 12-headed hydra bites you.
* * * LOW HITPOINT WARNING * * *
The 12-headed hydra bites you.
* * * LOW HITPOINT WARNING * * *
The 12-headed hydra bites you but does no damage. x2
You lop one of the 12-headed hydra's heads off!
The 11-headed hydra grows two more!
You slash the 13-headed hydra! You claw the 13-headed hydra!
The 13-headed hydra is heavily wounded.
You hack one of the 13-headed hydra's heads off!
The 12-headed hydra grows two more!
You slice the 14-headed hydra!!
The 14-headed hydra is severely wounded.
You block the 14-headed hydra's attack. The 14-headed hydra bites you.
* * * LOW HITPOINT WARNING * * *
The 14-headed hydra barely misses you.
The 14-headed hydra bites you but does no damage.
The 14-headed hydra barely misses you.
The 14-headed hydra bites you but does no damage.
The 14-headed hydra bites you.
* * * LOW HITPOINT WARNING * * *
The 14-headed hydra bites you.
* * * LOW HITPOINT WARNING * * *
The 14-headed hydra bites you.
* * * LOW HITPOINT WARNING * * *
The 14-headed hydra bites you but does no damage.
The 14-headed hydra bites you.
* * * LOW HITPOINT WARNING * * *
The 14-headed hydra bites you.
You die...

### #.# )# .#.# #.#
###.# #.# ## .#.#.#
#.# #[# #.# #.# .#
#O# #.# .#.#.#.#
#.# #o# #.# # #.#
#.# #.# #D#)# ##
.#.#.# #.# #.#
#@###(# #.# #.# #.#
#.#.#.#.# .#. #.#
#.# #.###.## #.#.#
#.# #.#.#.#.#.##
.#.#.# #.#
#.###.###$# .#.#.#
#.#.#.#.#.#.##
.#.#.#.#
#.###.###)## #
#.#.#.#.#.#.#.#.#.#
.# #.#.#.###.###.#
#[#


You could see a 14-headed hydra, a two-headed ogre and an orc warrior.

Vanquished Creatures
  Gastronok (D:8)
  A two-headed ogre (D:8)
  An ugly thing (D:8)
  A meliai (D:8)
  A hornet (D:8)
  Prince Ribbit (D:6)
  3 yaks (D:8)
  2 vampire mosquitoes (D:7)
  Edmund (D:6)
  An acid dragon (D:8)
  A water moccasin (D:8)
  A black bear (D:6)
  2 ice beasts
  A hornet zombie (D:7)
  3 necrophages
  2 sky beasts
  2 ogres (D:5)
  A centaur (D:8)
  Blork the orc (D:5)
  5 bullfrogs
  4 scorpions
  A wyvern zombie (D:5)
  A water moccasin zombie (D:6)
  9 wights (D:8)
  A centaur zombie (D:8)
  A bullfrog zombie (D:6)
  4 hounds
  A centaur skeleton (D:6)
  A gnoll shaman (D:7)
  4 orc priests
  2 bullfrog skeletons
  An iguana (D:4)
  Natasha (twice) (D:3)
  5 orc wizards
  A scorpion zombie (D:5)
  Robin (D:2)
  3 howler monkey zombies
  7 adders
  7 gnolls
  2 shadow imps
  A white imp (D:8)
  A worm (D:2)
  2 dart slugs
  20 orcs
  9 ball pythons
  6 bats
  6 endoplasms
  7 giant cockroaches
  13 goblins
  8 hobgoblins
  3 jackals (D:1)
  4 quokkas
  4 frilled lizards
  9 kobolds
  6 rats
189 creatures vanquished.

Notes
Turn   | Place    | Note
-------+----------+-------------------------------------------
     0 | D:1      | leviel the Hill Orc Fighter began the quest for the Orb.
     0 | D:1      | Reached XP level 1. HP: 19/19 MP: 1/1
    47 | D:1      | Reached XP level 2. HP: 27/27 MP: 2/2
    56 | D:1      | Reached skill level 3 in Axes
   121 | D:1      | Found a faded altar of an unknown god.
   399 | D:1      | Reached XP level 3. HP: 22/33 MP: 3/3
   988 | D:2      | Noticed Robin
  1000 | D:2      | Reached XP level 4. HP: 35/40 MP: 4/4
  1006 | D:2      | Killed Robin
  1573 | D:2      | Reached skill level 4 in Axes
  1880 | D:3      | Found Sezoerr's General Store.
  1888 | D:3      | Reached XP level 5. HP: 25/47 MP: 5/5
  2000 | D:3      | Noticed a sky beast
  2032 | D:3      | Killed a sky beast
  2033 | D:3      | Reached skill level 5 in Fighting
  2033 | D:3      | Reached XP level 6. HP: 16/56 MP: 6/6
  2266 | D:3      | Bought a potion of heal wounds for 55 gold pieces
  2310 | D:3      | Found a sacrificial altar of Ru.
  2434 | D:3      | Noticed a +0 hand axe
  2444 | D:3      | Found a hide-covered altar of Uskayaw.
  2459 | D:3      | Reached skill level 5 in Axes
  2583 | D:3      | Noticed a +0 dagger
  2919 | D:3      | Noticed Natasha
  2925 | D:3      | Killed Natasha
  2999 | D:3      | Noticed Natasha
  3010 | D:3      | Killed Natasha
  3011 | D:3      | Reached skill level 5 in Armour
  3146 | D:4      | Found Doupt's Distillery.
  3152 | D:4      | Bought a potion of curing for 39 gold pieces
  3279 | D:4      | Found a white marble altar of Elyvilon.
  3280 | D:4      | Found an iron altar of Okawaru.
  3302 | D:4      | Found a shimmering blue altar of Sif Muna.
  4233 | D:4      | Reached XP level 7. HP: 27/62 MP: 7/7
  4437 | D:4      | Found a shimmering altar of Xom.
  4584 | D:5      | Entered Level 5 of the Dungeon
  4584 | D:5      | Noticed Blork the orc
  4591 | D:5      | Killed Blork the orc
  4592 | D:5      | Reached skill level 6 in Axes
  4607 | D:5      | Reached skill level 7 in Axes
  4607 | D:5      | Reached XP level 8. HP: 66/73 MP: 8/8
  4754 | D:5      | Found Izoraoqu's Antique Weapon Emporium.
  5030 | D:5      | Found a glowing golden altar of the Shining One.
  5042 | D:5      | Became a worshipper of the Shining One
  5229 | D:6      | Reached skill level 8 in Axes
  5270 | D:6      | Gained mutation: You sometimes lose the ability to read
                  | scrolls when taking damage. [potion of mutation]
  5270 | D:6      | Gained mutation: You are weak. (Str -2) [potion of
                  | mutation]
  5270 | D:6      | Gained mutation: You are agile. (Dex +2) [potion of
                  | mutation]
  5270 | D:6      | Gained mutation: You have sharp toenails. [potion of
                  | mutation]
  5283 | D:6      | Noticed Prince Ribbit
  5302 | D:6      | Killed Prince Ribbit
  5303 | D:6      | Reached XP level 9. HP: 12/82 MP: 9/9
  5666 | D:6      | Found a staircase to the Ecumenical Temple.
  5673 | D:6      | Noticed Edmund
  5694 | D:6      | Killed Edmund
  5695 | D:6      | Reached skill level 9 in Axes
  5699 | Temple   | Entered the Ecumenical Temple
  6302 | D:7      | Reached * piety under the Shining One
  6396 | D:7      | Reached skill level 10 in Axes
  7338 | D:8      | Reached skill level 10 in Fighting
  7339 | D:8      | Reached ** piety under the Shining One
  7360 | D:8      | Reached XP level 10. HP: 93/93 MP: 10/10
  7405 | D:8      | Reached skill level 11 in Axes
  7501 | D:8      | Noticed a purple ugly thing
  7509 | D:8      | Killed a purple ugly thing
  7510 | D:8      | Reached skill level 10 in Armour
  7589 | D:8      | Noticed Gastronok
  7593 | D:8      | Noticed a two-headed ogre
  7593 | D:8      | Noticed a two-headed ogre
  7594 | D:8      | Noticed a six-headed hydra
  7598 | D:8      | Killed a two-headed ogre
  7599 | D:8      | Reached skill level 12 in Axes
  7603 | D:8      | Killed Gastronok
  7604 | D:8      | Reached XP level 11. HP: 81/104 MP: 11/11
  7612 | D:8      | HP: 6/156 [14-headed hydra (6)]
  7612 | D:8      | Slain by a 14-headed hydra

Illustrated notes

Levels and vault maps discovered:
D:1:      onia_arrival_mini_spirals, layout_basic,
          shapermc_ecumenical_altar_venn
D:2:      layout_basic, serial_aquarium, aquarium_bridge_straight
          [aquarium_subvault_bridge, aquarium_subvault_wall,
          aquarium_subvault_bridge, aquarium_subvault_balcony],
          aquarium_bridge_square [aquarium_subvault_wall,
          aquarium_subvault_bridge, aquarium_subvault_bridge,
          aquarium_subvault_bridge], aquarium_window_fake, aquarium_window_1,
          aquarium_view_2c, aquarium_view_2d, serial_park_tiny_2, minivault_23,
          uniq_robin
D:3:      layout_basic, dancing_weapons_uskayaw,
          mainiacjoe_overflow_cross_hatched, serial_shops, nicolae_diamond_shop,
          uniq_natasha
D:4:      layout_basic, old_standard_altar, old_standard_altar,
          nicolae_overflow_squiral, serial_shops, nicolae_diamond_shop
D:5:      layout_rooms, tso_altar, serial_shops, kennysheep_mini,
          uniq_blork_the_orc
D:6:      layout_basic, minmay_temple_entry_antechambers, uniq_edmund,
          uniq_prince_ribbit1
D:7:      layout_rooms, minmay_misc_feat_roman
D:8:      minmay_imperfect_grid, layout_loops_ring, dk_noncrumbling_2,
          kennysheep_generic_room_15, uniq_gastronok
Temple:   nicolae_temple_great_sept

Skill      XL: |  1  2  3  4  5  6  7  8  9 10 |
---------------+-------------------------------+-----
Axes           | 3 4 5 7 8 10 12 | 12.6
Fighting       | 4 5 7 8 10 11 | 11.8
Armour         | 4 5 6 7 9 10 | 10.9
Shields        | 4 |  4.0

Action                   |  1- 3 |  4- 6 |  7- 9 | 10-12 || total
-------------------------+-------+-------+-------+-------++-------
Melee: War axe           |   104 |   200 |   229 |    87 ||   620
       Kick              |       |       |    51 |    33 ||    84
Evoke: Wand              |       |       |     6 |       ||     6
  Use: Scroll            |       |     7 |     8 |       ||    15
       Potion            |       |       |     7 |     1 ||     8
Armor: Scale mail        |    63 |   109 |   111 |    49 ||   332
Dodge: Dodged            |    61 |    73 |    89 |    29 ||   252
Block: Buckler           |    25 |    38 |    61 |    33 ||   157

Table legend: (Time is in decaauts)
 A = Elapsed time spent in this place.
 B = Non-inter-level travel time spent in this place.
 C = Inter-level travel time spent in this place.
 D = Time resting spent in this place.
 E = Time spent auto-exploring this place.
 F = Levels seen in this place.
 G = Mean time per level.
                   A        B        C        D        E       F      G
               +--------+--------+--------+--------+--------+-----+--------+
         Total |   7729 |   7484 |    245 |    972 |   5213 |   9 |  858.8 |
       Dungeon |   7612 |   7379 |    233 |    972 |   5120 |   8 |  951.5 |
        Temple |    116 |    104 |     12 |      0 |     93 |   1 |  116.0 |
               +--------+--------+--------+--------+--------+-----+--------+

Top non-repeatable levels by time:
     D:4: 1456 daAuts
     D:3: 1302 daAuts
     D:2: 1055 daAuts
     D:6: 930 daAuts
     D:1: 869 daAuts
     D:8: 776 daAuts
     D:7: 611 daAuts
     D:5: 610 daAuts
  Temple: 116 daAuts
